Map: Eastwatch LE

Players

Escargot - Winner!

  • Race: Zerg Zerg
  • Spawn Location: 1:00

A.I. 1 (Easy)

  • Race: Terran Terran
  • Spawn Location: 7:00

VOD

Have the link to the VOD?

Description

Time

  • Played on: March 25, 2018, 1:01 p.m.
  • Length: 5:47
Show
View Real Time Build Order
Export as new Build Order

Escargot Zerg - Winner!

Build Orders: Hatch First, Zergling Baneling 

Get SALT Encoding   

  12  0:03  Drone  
  13  0:12  Overlord  
  13  0:18  Drone  
  14  0:36  Drone x2  
  14  0:37  Drone  
  17  0:58  Hatchery  
  16  1:04  Drone  
  16  1:05  Drone  
  16  1:11  Extractor  
  17  1:13  Drone  
  18  1:21  Spawning Pool  
  17  1:30  Drone  
  18  1:41  Overlord  
  18  2:08  Queen  
  20  2:10  Queen  
  22  2:20  Metabolic Boost  
  22  2:25  Zergling x4  
  22  2:29  Zergling x2  
  25  2:31  Zergling x2  
  25  2:32  Overlord  
  26  2:37  Drone x2  
  28  3:13  Baneling Nest, Drone x4  
  28  3:15  Drone x2  
  33  3:28  Zergling x8  
  33  3:29  Zergling x4  
  38  4:03  Zergling x2  
  38  4:04  Zergling x8  
  43  4:17  Overlord x2  
  43  4:38  Baneling x5  
  43  4:39  Baneling x7  
  43  4:40  Baneling  
  43  4:44  Zergling x2  
  43  4:45  Zergling x20  
Show
View Real Time Build Order
Export as new Build Order

A.I. 1 (Easy) Terran 

Build Orders:  

Get SALT Encoding   

  12  0:00  SCV  
  13  0:13  SCV  
  14  0:18  Supply Depot  
  14  0:25  SCV  
  15  0:40  SCV  
  16  0:45  Barracks  
  16  0:46  Refinery  
  16  1:10  Supply Depot  
  16  1:21  Refinery  
  16  1:32  Barracks Tech Lab, Orbital Command  
  16  1:50  Marine  
  17  2:12  Supply Depot  
  17  2:16  Marauder, SCV  
  20  2:28  SCV  
  21  2:40  SCV  
  21  2:42  Marauder  
  24  2:52  SCV  
  25  3:04  SCV  
  26  3:07  Marine  
  27  3:16  SCV  
  28  3:33  Marine  
  29  3:59  Marauder  
  31  4:25  Marine  
  32  5:15  Marine  
  32  5:17  Supply Depot  
  23  5:25  SCV  
Tags
 
Matchup
TvZ
Spawn Locations
Cross Positions
Add a new tag
Caveats
  • Supply blocks, unpowered buildings, or Contaminate may cause inaccurate times.
  • Supply counts are checked every 10 seconds.